 Dungeon Crawl Stone Soup version 0.21.1-1-g345015f (webtiles) character file.

44 VLARC the Magician (level 3, 0/19 HPs)
             Began as a Vine Stalker Wizard on Mar 22, 2018.
             Hit by a stone thrown by a hobgoblin (1 damage)
             ... led by Robin
             ... on level 2 of the Dungeon.
             The game lasted 00:02:04 (1370 turns).

VLARC the Magician (Vine Stalker Wizard)            Turns: 1370, Time: 00:02:05

Health: 0/19       AC:  4    Str:  9    XL:     3   Next: 60%
Magic:  0/8        EV: 12    Int: 19    God:
Gold:   39         SH:  0    Dex: 12    Spells: 7/8 levels left

rFire    . . .     SeeInvis .   g - +0 short sword
rCold    . . .     Gourm    .   (no shield)
rNeg     . . .     Faith    .   a - +0 robe
rPois    .         Spirit   +   f - +1 helmet
rElec    .         Reflect  .   (no cloak)
rCorr    .         Harm     .   (no gloves)
MR       .....                  (no boots)
Stlth    ++........             (no amulet)
HPRegen  0.06/turn              (no ring)
MPRegen  0.11/turn              (no ring)

@: very slightly contaminated
A: fangs 2, magic shield, antimagic bite, no potion heal 3, rot immunity
a: no special abilities


You were on level 2 of the Dungeon.
You were not hungry.

You visited 1 branch of the dungeon, and saw 2 of its levels.

You collected 39 gold pieces.

Inventory:

Hand Weapons
 g - a +0 short sword (weapon)
Armour
 a - a +0 robe (worn)
 b - a +0 hat
 e - a +0 scale mail
 f - a +1 helmet (worn)
Scrolls
 h - 2 scrolls of noise {unknown}
 i - a scroll of amnesia {unknown}
Potions
 k - a potion of flight {unknown}
Books
 c - a book of Minor Magic

   Spells                             Type                      Level
   a - Magic Dart                     Conjuration                  1
   b - Blink                          Translocation                2
   c - Call Imp                       Summoning                    2
   d - Slow                           Hexes                        2
   e - Conjure Flame                  Conjuration/Fire             3
   f - Mephitic Cloud                 Conjuration/Poison/Air       3
Comestibles
 d - 2 rations
 j - a chunk of flesh


   Skills:
 + Level 2.8 Fighting
 - Level 1.5 Dodging
 - Level 2.4 Stealth
 - Level 3.2 Spellcasting
 - Level 1.0 Conjurations
   Level 1.0 Summonings
   Level 1.0 Translocations


You had 7 spell levels left.
You knew the following spells:

 Your Spells              Type           Power        Failure   Level  Hunger
a - Magic Dart            Conj           #...         10%         1    None


Dungeon Overview and Level Annotations

Branches:
Dungeon (2/15)

Altars:


Innate Abilities, Weirdness & Mutations

You have extremely sharp teeth.
When hurt, damage is shared between your health and your magic reserves.
Your bite disrupts and absorbs the magic of your enemies.
Potions cannot restore your health.
You are immune to rotting.


Message History

* * * LOW HITPOINT WARNING * * *
Casting: Magic Dart
Confirm with . or Enter, or press ? or * to list all spells.
Aiming: Magic Dart
Press: ? - help, Shift-Dir - straight line, f - hobgoblin
Aim: a hobgoblin The magic dart hits the hobgoblin.
The hobgoblin throws a stone.
The stone barely misses you.
Casting: Magic Dart
Confirm with . or Enter, or press ? or * to list all spells.
You don't have enough magic to cast that spell.
The hobgoblin hits you but does no damage.
Items here: ) [[ † a club; an animal skin; a helmet; the hobgoblin corpse of Robin You hit the hobgoblin.
Your bite misses the hobgoblin.
The hobgoblin is severely wounded.
The hobgoblin hits you.
* * * LOW HITPOINT WARNING * * *
The hobgoblin throws a stone.
The stone hits you.
You die...

#
##############
.............#
############.#
# #.#########
#(†.)@)g).#
#########.#
#(# #.# #..
########g## #
#.......†..
##.######.#.
#.###..<# #.)


You could see a hobgoblin.

Vanquished Creatures
  Robin (D:2)
  2 leopard geckos
  2 bats (D:1)
  A giant cockroach (D:1)
  10 goblins
  A hobgoblin (D:1)
  4 jackals (D:1)
  A ball python (D:1)
  2 frilled lizards (D:1)
  A kobold (D:1)
  4 rats (D:1)
29 creatures vanquished.

Notes
Turn   | Place    | Note
-------+----------+-------------------------------------------
     0 | D:1      | VLARC the Vine Stalker Wizard began the quest for the Orb.
     0 | D:1      | Reached XP level 1. HP: 9/9 MP: 5/5
    37 | D:1      | Reached skill level 1 in Fighting
   261 | D:1      | Reached XP level 2. HP: 12/14 MP: 4/7
   890 | D:1      | Reached XP level 3. HP: 18/18 MP: 5/8
  1339 | D:2      | Noticed Robin
  1363 | D:2      | Killed Robin
  1370 | D:2      | Hit by a stone thrown by a hobgoblin

Skill      XL: |  1  2 |
---------------+-------+-----
Fighting       | 1 2 |  2.8
Dodging        | |  1.5
Stealth        | |  2.4
Spellcasting   | |  3.2
Conjurations   | |  1.0
Summonings     | |  1.0
Translocations | |  1.0

Action                   || total
-------------------------++-------
Melee: Unarmed           ||    35
       Bite              ||    10
       Short sword       ||    16
 Cast: Magic Dart        ||    45
  Eat: Chunk             ||     1
Armor: Scale mail        ||    23
       Robe              ||    10
Dodge: Dodged            ||    44
